 Dungeon Crawl Stone Soup version 0.28-a0-863-g8cecda6153 (webtiles) character file.

Game seed: 16781907262776891119

60 ytrimaz the Covered (level 4, 0/37 HPs)
             Began as a Formicid Fighter on Nov 17, 2021.
             Slain by a gnoll (2 damage)
             ... on level 2 of the Dungeon.
             The game lasted 00:02:04 (1836 turns).

ytrimaz the Covered (Formicid Fighter)              Turns: 1836, Time: 00:02:05

Health: 0/37       AC:  7    Str: 22    XL:     4   Next: 24%
Magic:  4/4        EV:  9    Int:  7    God:
Gold:   48         SH:  4    Dex: 10    Spells: 3/3 levels left

rFire   . . .      SeeInvis +   a - +0 war axe
rCold   . . .      Faith    .   c - +0 buckler
rNeg    . . .      Spirit   .   b - +0 scale mail
rPois   .          Reflect  .   (helmet unavailable)
rElec   .          Harm     .   (no cloak)
rCorr   .          Rampage  .   (no gloves)
Will    .....                   (no boots)
Stlth   ..........              (no amulet)
HPRegen 0.12/turn               (no ring)
MPRegen 0.09/turn               (no ring)

@: mighty
A: permanent stasis, dig shafts and tunnels, antennae 3, four strong arms
a: Dig, Shaft Self


You were on level 2 of the Dungeon.
You visited 1 branch of the dungeon, and saw 2 of its levels.

You collected 48 gold pieces.

Inventory:

Hand Weapons
 a - a +0 war axe (weapon)
Missiles
 e - 15 poisoned darts
Armour
 b - a +0 scale mail (worn)
 c - a +0 buckler (worn)
Scrolls
 f - a scroll of summoning {unknown}
 i - a scroll of noise {unknown}
 j - a scroll of teleportation {unknown}
Potions
 d - a potion of might
 h - a potion of degeneration {unknown}


   Skills:
 + Level 3.7 Fighting
 * Level 3.3 Axes
 + Level 4.0 Armour
 - Level 3.6 Shields


You had 3 spell levels left.
You didn't know any spells.
Your spell library was empty.

Dungeon Overview and Level Annotations

Branches:
Dungeon (2/15)

Altars:

Shops:
D:1 ![[!


Innate Abilities, Weirdness & Mutations

You cannot be hasted, slowed, berserked, paralysed or teleported.
You can dig through walls and to a lower floor.
You have a pair of large antennae on your head. (SInv)
Your four strong arms can wield two-handed weapons with a shield.


Message History

The gnoll is lightly wounded.
The gnoll hits you from afar with a +0 spear. x2
The gnoll barely misses you.
You slash the gnoll!
You kill the gnoll!
The gnoll throws a stone.
The stone hits you but does no damage. The gnoll closely misses you.
The gnoll hits you but does no damage.
Your Armour skill increases to level 4!
The gnoll hits you but does no damage. The gnoll hits you with a +0 spear.
You are too injured to fight recklessly!
You are too injured to fight recklessly!
You are too injured to fight recklessly!
You are too injured to fight recklessly!
You are too injured to fight recklessly!
Unknown command.
You barely miss the gnoll. x2; You block the gnoll's attack.
The gnoll closely misses you. The gnoll hits you with a +0 spear.
You closely miss the gnoll. You hit the gnoll. The gnoll barely misses you.
The gnoll hits you with a +0 spear!
* * * LOW HITPOINT WARNING * * *
Unknown command.
You barely miss the gnoll. You hit the gnoll but do no damage.
The gnoll hits you with a +0 spear.
* * * LOW HITPOINT WARNING * * *
The gnoll hits you with a +0 spear.
* * * LOW HITPOINT WARNING * * *
The gnoll hits you but does no damage.
Unknown command.
You feel better. The gnoll closely misses you. The gnoll barely misses you.
You feel better. The gnoll hits you with a +0 spear.
* * * LOW HITPOINT WARNING * * *
The gnoll barely misses you.
You completely miss the gnoll. You hit the gnoll.
The gnoll hits you with a +0 spear.
* * * LOW HITPOINT WARNING * * *
The gnoll barely misses you. The gnoll hits you with a +0 spear.
* * * LOW HITPOINT WARNING * * *
You feel very mighty all of a sudden. The gnoll hits you with a +0 spear.
You die...

#.# #.###...## ############.#
#....##.## #.........##.#
####.##.##
#.......#.##.#####.####.##.##
#.......#...>................
#............#####.#######.#.
#............#...#.# #..♣
#..........).#'#'#.########♣.
#...........@g.............♣.
######'#.####g........).....♣
#.#.# #................ #.#.#
#................ #...#
#................ #####
#................
#................
###..............
#....##........


You could see 2 gnolls.

Vanquished Creatures
  2 gnolls (D:2)
  An adder (D:2)
  A worm (D:1)
  A dart slug (D:1)
  2 ball pythons (D:1)
  3 endoplasms
  A goblin (D:2)
  4 hobgoblins (D:1)
  4 kobolds (D:2)
  2 bats
  5 frilled lizards
  4 rats
30 creatures vanquished.

Vanquished Creatures (others)
  3 withered plants (D:2)
3 creatures vanquished.

Grand Total: 33 creatures vanquished

Notes
Turn   | Place    | Note
-------+----------+-------------------------------------------
     0 | D:1      | ytrimaz the Formicid Fighter began the quest for the Orb.
     0 | D:1      | Reached XP level 1. HP: 18/18 MP: 1/1
   249 | D:1      | Reached XP level 2. HP: 24/24 MP: 2/2
   270 | D:1      | Found Zier's Distillery.
   344 | D:1      | Found Yso Zai's Armour Shop.
   445 | D:1      | Found Guphed's Distillery.
   577 | D:1      | Found Qilerez's Antique Armour Shoppe.
   872 | D:1      | Reached XP level 3. HP: 29/29 MP: 3/3
  1667 | D:2      | Reached XP level 4. HP: 34/37 MP: 4/4
  1748 | D:2      | Found a faded altar of an unknown god.
  1829 | D:2      | Reached skill level 4 in Armour
  1836 | D:2      | Slain by a gnoll

Illustrated notes

Levels and vault maps discovered:
D:1:      dpeg_arrival_brainrot, layout_loops_corners, serial_shops, shop,
          nicolae_shop_advertising_works [nicolae_subvault_shop_adworks], shop,
          shop, serial_rivers, chequers_serial_rivers_small_3,
          chequers_serial_rivers_room_b, chequers_serial_rivers_marsh,
          chequers_serial_rivers_marsh, chequers_serial_rivers_micro_c,
          lemuel_flame_loot_1
D:2:      layout_basic, ebering_ecumenical_altar_petrified

Skill      XL: |  1  2  3  4 |
---------------+-------------+-----
Axes           | 3 |  3.3
Armour         | 4 |  4.0
Fighting       | |  3.7
Shields        | |  3.6

Action                   |  1- 3 |  4- 6 || total
-------------------------+-------+-------++-------
Melee: War axe           |    67 |    14 ||    81
  Use: Scroll            |     3 |       ||     3
       Potion            |       |     3 ||     3
Armor: Scale mail        |    28 |    13 ||    41
Dodge: Dodged            |    36 |    11 ||    47
Block: Buckler           |    19 |     3 ||    22

Table legend: (Time is in decaauts)
 A = Elapsed time spent in this place.
 B = Non-inter-level travel time spent in this place.
 C = Inter-level travel time spent in this place.
 D = Time resting spent in this place.
 E = Time spent auto-exploring this place.
 F = Levels seen in this place.
 G = Mean time per level.
                   A        B        C        D        E       F      G
               +--------+--------+--------+--------+--------+-----+--------+
         Total |   1872 |   1770 |    102 |      0 |   1482 |   2 |  936.0 |
       Dungeon |   1872 |   1770 |    102 |      0 |   1482 |   2 |  936.0 |
               +--------+--------+--------+--------+--------+-----+--------+

Top non-repeatable levels by time:
     D:1: 1380 daAuts
     D:2: 491 daAuts
